 Dungeon Crawl Stone Soup version 0.28-a0-1524-ge72afd5fc6 (webtiles) character file.

Game seed: 4168729926257062685

2790 fragbeetle the Insei (level 9, -13/87 HPs)
             Began as a Green Draconian Transmuter on Jan 17, 2022.
             Was an Initiate of Gozag.
             Mangled by Harold (15 damage)
             ... on level 7 of the Dungeon.
             The game lasted 00:15:54 (8040 turns).

fragbeetle the Insei (Green Draconian Transmuter)   Turns: 8040, Time: 00:15:55

Health: -13/87     AC:  7    Str: 19    XL:     9   Next: 43%
Magic:  4/12       EV: 11    Int: 13    God:    Gozag
Gold:   505        SH:  0    Dex: 16    Spells: 4/12 levels left

rFire   x . .      SeeInvis .     - Unarmed
rCold   + + +      Faith    .   (shield currently unavailable)
rNeg    . . .      Spirit   .   (armour unavailable)
rPois   +          Reflect  .   (helmet currently unavailable)
rElec   .          Harm     .   (cloak currently unavailable)
rCorr   .          Rampage  .   (gloves currently unavailable)
Will    .....                   (boots currently unavailable)
Stlth   +.........              (no amulet)
HPRegen 0.24/turn               t - +6 ring of strength
MPRegen 0.13/turn               (no ring)

@: ice-form, very slightly contaminated
A: freezing attack, amphibious, boosted hp, (breathe noxious fumes), AC +7,
large, unfitting armour, (poison resistance), (cold-blooded)
a: End Transformation, Renounce Religion, Potion Petition, Call Merchant, Bribe
Branch


You were on level 7 of the Dungeon.
You worshipped Gozag.
Gozag was pleased with you.
You were a creature of crystalline ice.
You visited 2 branches of the dungeon, and saw 8 of its levels.

You collected 928 gold pieces.
You spent 360 gold pieces at shops.
You paid 63 gold pieces to Gozag.

Inventory:

Hand Weapons
 d - a +0 hunting sling
Missiles
 a - 125 stones
 l - 11 poisoned darts
 n - 3 boomerangs
 o - 2 throwing nets
Armour
 w - a +0 pair of gloves
 A - a +2 pair of boots (melded)
Jewellery
 t - a +6 ring of strength (left front paw)
 v - an amulet of guardian spirit
Wands
 s - a wand of digging (1)
Scrolls
 b - 2 scrolls of magic mapping {unknown}
 g - 5 scrolls of identify
 h - a scroll of immolation {unknown}
 i - a scroll of teleportation {unknown}
 m - 2 scrolls of blinking
 p - 3 scrolls of acquirement {unknown}
 r - a scroll of silence {unknown}
 y - 2 scrolls of fog
 z - a scroll of enchant armour
Potions
 c - a potion of magic {unknown}
 e - a potion of might {unknown}
 f - 4 potions of curing
 j - 2 potions of heal wounds {unknown}
 k - 2 potions of flight {unknown}
 q - 2 potions of resistance {unknown}
 u - 3 potions of haste {unknown}
 x - a potion of cancellation {unknown}


   Skills:
 + Level 4.9 Fighting
 + Level 4.4 Dodging
 * Level 7.2 Unarmed Combat
 - Level 2.0 Spellcasting
 * Level 6.9 Transmutations
 * Level 5.1 Ice Magic
 - Level 4.0 Poison Magic


You had 4 spell levels left.
You knew the following spells:

 Your Spells              Type           Power      Damage    Failure   Level
a - Beastly Appendage     Tmut           38%        N/A       1%          1
b - Spider Form           Tmut/Pois      15%        N/A       9%          3
c - Ice Form              Ice/Tmut       17%        N/A       22%         4

Your spell library contained the following spells:

 Spells                   Type           Power      Damage    Failure   Level
 Wereblood                Tmut           19%        N/A       2%          2
 Shock                    Conj/Air       4%         1d3       26%         1
 Swiftness                Air            1%         N/A       58%         3
 Airstrike                Air            0%         N/A       94%         4


Dungeon Overview and Level Annotations

Branches:
Dungeon (7/15)             Temple (1/1) D:4

Altars:
Ashenzari
Cheibriados
Dithmenos
Elyvilon
Fedhas
Gozag
Kikubaaqudgha
Makhleb
Nemelex Xobeh
Okawaru
Qazlal
Ru
Sif Muna
Vehumet
Wu Jian
The Shining One

Shops:
D:4 (![?:

Annotations:
D:3 3 runed translucent doors, lunkers's ghost, amateur DEFE
D:5 1 runed translucent door, issech's ghost, novice MiFi
D:7 3 runed translucent doors, Harold; Triskal's ghost, novice GnGl


Innate Abilities, Weirdness & Mutations

You are a creature of crystalline ice.
You have a powerful freezing melee attack.
You are amphibious.
Your maximum health is increased.
Your armour is entirely melded.
You are incapable of wielding weapons or throwing items.
((You can breathe blasts of noxious fumes.))
((Your lurid green scales are hard. (AC +7)))
You cannot fit into any form of body armour.
((Your system is resistant to poisons. (rPois)))
((You are cold-blooded and may be slowed by cold attacks.))


Message History

Harold throws a throwing net.
The throwing net hits you.
You become entangled in the net!
You see here a throwing net.
You struggle against the net.
You tear a large gash into the net.
You shred the net and break free! Harold misses you.
You punch Harold! You freeze Harold.
Harold is lightly wounded.
Harold hits you with a +0 dire flail!
You hit Harold.
Harold is moderately wounded.
Harold closely misses you.
You punch Harold! You freeze Harold.
Harold is heavily wounded.
You warm up again.
Your +2 pair of boots unmelds from your body.
Harold hits you with a +0 dire flail!
You punch Harold!
Your tail-slap misses Harold.
Harold is heavily wounded.
Harold hits you with a +0 dire flail!
Casting: Ice Form (dangerous; 22% risk of failure)
Confirm with . or Enter, or press ? or * to list all spells.
You miscast Ice Form.
You are very lightly contaminated with residual magic.
You are caught in an explosion of ice and frost!
* * * LOW HITPOINT WARNING * * *
Harold hits you with a +0 dire flail!
* * * LOW HITPOINT WARNING * * *
You feel better. Harold barely misses you.
Casting: Ice Form (dangerous; 22% risk of failure)
Confirm with . or Enter, or press ? or * to list all spells.
You turn into a creature of crystalline ice.
Your +2 pair of boots melds into your body.
Harold hits you with a +0 dire flail!
* * * LOW HITPOINT WARNING * * *
You hit Harold but do no damage.
Harold is heavily wounded.
Harold hits you with a +0 dire flail!
You die...
Your body crumbles into a pile of gold.

#........# #........#
#........+ # #........# ###
#........# #.. #........#####
#.# #.#+##........ #.#
.########.#.##.####### #.#
...$..@Y..#.##.#
#.######..##########.##.#######
......... ...)...............
#.#.#### .........##.#######
#.#.###############..##.#......
...............................
#.#.#####.###.#.#.#..####.#####
#.#.#.........#.#.#..# .#
#.#.....#............# #


You could see Harold.

Vanquished Creatures
  Prince Ribbit (D:7)
  Menkaure (D:7)
  2 water moccasins (D:7)
  Duvessa (D:5)
  An orc warrior (D:7)
  2 sky beasts (D:5)
  An ice beast (D:7)
  A necrophage (D:6)
  4 ogres
  2 centaurs (D:5)
  A phantom (D:4)
  A kobold brigand (D:6)
  A gnoll sergeant (D:7)
  A scorpion (D:6)
  A wyvern skeleton (D:7)
  Dowan (D:5)
  A bullfrog skeleton (D:6)
  2 bullfrog zombies
  An orc priest (D:6)
  A centaur skeleton (D:6)
  4 gnoll shamans
  3 iron imps (D:4)
  3 iguanas
  An orc wizard (D:6)
  2 hound zombies (D:5)
  A howler monkey zombie (D:5)
  19 gnolls
  8 adders
  An ufetubus (D:5)
  An adder zombie (D:5)
  An adder skeleton (D:5)
  A worm (D:5)
  2 dart slugs
  17 orcs
  4 endoplasms
  2 giant cockroaches (D:1)
  6 goblins
  5 hobgoblins
  4 jackals (D:2)
  9 kobolds
  4 quokkas
  8 ball pythons
  4 bats
  A frilled lizard (D:3)
  2 rats
140 creatures vanquished.

Vanquished Creatures (others)
  A fungus (D:3)
  5 plants (D:3)
6 creatures vanquished.

Grand Total: 146 creatures vanquished

Notes
Turn   | Place    | Note
-------+----------+-------------------------------------------
     0 | D:1      | fragbeetle the Draconian Transmuter began the quest for the
                  | Orb.
     0 | D:1      | Reached XP level 1. HP: 16/16 MP: 3/3
   356 | D:1      | Reached XP level 2. HP: 23/23 MP: 3/5
   934 | D:2      | Reached XP level 3. HP: 18/29 MP: 6/6
   938 | D:2      | Learned a level 3 spell: Spider Form
  1784 | D:3      | Reached skill level 1 in Poison Magic
  1807 | D:3      | Reached XP level 4. HP: 36/36 MP: 5/7
  2350 | D:3      | Found a runed translucent gate.
  2351 | D:3      | Found a runed translucent gate.
  2351 | D:3      | Noticed lunkers's ghost (amateur DEFE)
  2351 | D:3      | Noticed a kobold brigand
  2352 | D:3      | Found a runed translucent gate.
  2377 | D:3      | Found a blossoming altar of Fedhas.
  2662 | D:3      | Found a radiant altar of Vehumet.
  2856 | D:4      | Reached XP level 5. HP: 41/41 MP: 4/8
  2866 | D:4      | Reached skill level 4 in Unarmed Combat
  2901 | D:4      | Found a staircase to the Ecumenical Temple.
  2917 | Temple   | Entered the Ecumenical Temple
  2924 | Temple   | Became a worshipper of Gozag Ym Sagoz the Greedy
  3160 | D:4      | Found Tymu's Distillery.
  3166 | D:4      | Bought a potion of curing for 30 gold pieces
  3166 | D:4      | Bought a potion of degeneration for 10 gold pieces
  3313 | D:4      | Found Mufecw's Magic Scroll Shop.
  3316 | D:4      | Bought a scroll of identify for 22 gold pieces
  3369 | D:4      | Found a burning altar of Makhleb.
  3429 | D:4      | Reached XP level 6. HP: 27/50 MP: 6/9
  3587 | D:4      | Found Wecapaom's Antique Armour Boutique.
  3592 | D:4      | Found Bylius's Book Shop.
  3704 | D:4      | Found Iqobb's Weapon Shop.
  4309 | D:4      | Bought a scroll of blinking for 82 gold pieces
  4343 | D:4      | Bought a potion of attraction for 30 gold pieces
  4360 | D:5      | Entered Level 5 of the Dungeon
  4370 | D:5      | Noticed Duvessa
  4390 | D:5      | Killed Duvessa
  4391 | D:5      | Your scales start taking on a lurid green colour.
  4391 | D:5      | Reached XP level 7. HP: 30/57 MP: 7/10
  4391 | D:5      | Gained mutation: Your system is resistant to poisons.
                  | (rPois) [Green Draconian growth]
  4560 | D:5      | Learned a level 4 spell: Ice Form
  4566 | D:5      | Noticed Dowan
  4580 | D:5      | Killed Dowan
  4590 | D:5      | Reached skill level 5 in Unarmed Combat
  4590 | D:5      | Reached skill level 1 in Ice Magic
  4601 | D:5      | Found a runed translucent door.
  4601 | D:5      | Noticed issech's ghost (novice MiFi)
  4988 | D:5      | Reached skill level 5 in Transmutations
  5239 | D:5      | Reached XP level 8. HP: 48/64 MP: 5/11
  6093 | D:4      | Bought a scroll of fog for 22 gold pieces
  6093 | D:4      | Bought a scroll of enchant armour for 82 gold pieces
  6093 | D:4      | Bought a scroll of vulnerability for 82 gold pieces
  6313 | D:6      | Reached skill level 6 in Unarmed Combat
  7111 | D:7      | Noticed Menkaure
  7119 | D:7      | Killed Menkaure
  7120 | D:7      | Reached XP level 9. HP: 55/72 MP: 7/12
  7249 | D:7      | Found a runed translucent gate.
  7250 | D:7      | Found a runed translucent gate.
  7251 | D:7      | Found a runed translucent gate.
  7255 | D:7      | Noticed Triskal's ghost (novice GnGl)
  7255 | D:7      | Noticed Prince Ribbit
  7262 | D:7      | Killed Prince Ribbit
  7701 | D:7      | Reached skill level 7 in Unarmed Combat
  8001 | D:7      | Reached skill level 5 in Ice Magic
  8027 | D:7      | Noticed Harold
  8039 | D:7      | HP: 2/87 [Harold (17)]
  8040 | D:7      | Mangled by Harold

Illustrated notes

Levels and vault maps discovered:
D:1:      eino_arrival_water_cross, layout_basic
D:2:      minmay_alternating_diamond, layout_loops_cross, minmay_domino_2
D:3:      layout_basic, mainiacjoe_overflow_cross_hatched, fedhas_altar_3,
          serial_glass, glass_columns_a, glass_columns_a,
          gammafunk_ghost_nasty_kobolds
D:4:      layout_basic, demons_altar, minmay_temple_entry_glass, serial_shops,
          nicolae_shop_bloodbath_and_beyond, nicolae_diamond_shop, shop,
          nicolae_shop_stone, shop, chequers_serial_rivers_large_a
D:5:      layout_loops_ring, hellmonk_ghost_happy_afterlife, serial_rivers,
          chequers_serial_rivers_micro_a, chequers_serial_rivers_marsh,
          chequers_serial_rivers_small_a, chequers_serial_rivers_small_3,
          chequers_serial_rivers_large_b, chequers_serial_rivers_micro_d,
          dk_rats_in_the_wall, uniq_duvessa
D:6:      layout_basic
D:7:      layout_basic, chequers_temple_overflow_statue_of_worship,
          kennysheep_mini, gammafunk_ghost_necromancy, uniq_harold,
          uniq_prince_ribbit1, uniq_menkaure
Temple:   cyrus_circular_temple

Skill      XL: |  1  2  3  4  5  6  7  8  9 |
---------------+----------------------------+-----
Dodging        | 2 3 4 |  4.4
Poison Magic   | 1 2 3 4 |  4.0
Transmutations | 3 4 5 6 |  6.9
Fighting       | 2 3 4 |  4.9
Unarmed Combat | 4 5 6 7 |  7.2
Ice Magic      | 2 4 5 |  5.1
Spellcasting   | |  2.0

Action                   |  1- 3 |  4- 6 |  7- 9 || total
-------------------------+-------+-------+-------++-------
Melee: Unarmed           |    97 |   125 |   254 ||   476
       Kick              |    15 |    14 |    21 ||    50
       Tailslap          |     9 |     4 |     7 ||    20
       Headbutt          |    10 |    14 |    12 ||    36
       Punch             |     2 |     2 |     1 ||     5
 Cast: Beastly Appendage |    22 |    19 |    15 ||    56
       Spider Form       |       |     6 |    13 ||    19
       Ice Form          |       |       |    10 ||    10
 Abil: Breathe Noxious F |       |       |     1 ||     1
       End Transformatio |       |       |     1 ||     1
  Use: Potion            |       |       |     1 ||     1
 Stab: Sleeping          |     2 |       |       ||     2
       Confused          |       |       |     2 ||     2
       Distracted        |       |       |     1 ||     1
Armor: Skin              |    25 |    13 |    43 ||    81
Dodge: Dodged            |    63 |    75 |   165 ||   303

Table legend: (Time is in decaauts)
 A = Elapsed time spent in this place.
 B = Non-inter-level travel time spent in this place.
 C = Inter-level travel time spent in this place.
 D = Time resting spent in this place.
 E = Time spent auto-exploring this place.
 F = Levels seen in this place.
 G = Mean time per level.
                   A        B        C        D        E       F      G
               +--------+--------+--------+--------+--------+-----+--------+
         Total |   8046 |   7838 |    208 |    860 |   5390 |   8 | 1005.8 |
       Dungeon |   7955 |   7747 |    208 |    860 |   5327 |   7 | 1136.4 |
        Temple |     90 |     90 |      0 |      0 |     63 |   1 |   90.0 |
               +--------+--------+--------+--------+--------+-----+--------+

Top non-repeatable levels by time:
     D:4: 1623 daAuts
     D:5: 1617 daAuts
     D:2: 1047 daAuts
     D:7: 985 daAuts
     D:6: 926 daAuts
     D:3: 877 daAuts
     D:1: 877 daAuts
  Temple: 90 daAuts
